 Seeded DCSS version 0.30.1-4-g462c640d31 (webtiles) character file.

Game seed: 6351066067085065685 (custom seed)

281 Esekla the Grave Robber (level 6, -2/32 HPs)
             Began as a Deep Elf Necromancer on Aug 19, 2023.
             Was a Follower of Vehumet.
             Slain by a gnoll bouda
             ... wielding a +0 club
              (6 damage)
             ... on level 4 of the Dungeon.
             The game lasted 00:13:36 (2528 turns).

Esekla the Grave Robber (Deep Elf Necromancer)      Turns: 2528, Time: 00:13:36

Health: -2/32      AC:  4    Str:  5    XL:     6   Next: 6%
Magic:  2/15       EV: 13    Int: 22    God:    Vehumet [*.....]
Gold:   173        SH:  0    Dex: 15    Spells: 9/14 levels left

rFire   . . .        a - +2 dagger (vamp)
rCold   . . .        (no shield)
rNeg    . . .        u - +0 robe
rPois   .            j - +0 helmet
rElec   .            (no cloak)
rCorr   .            l - +0 pair of gloves
SInv    .            (no boots)
Will    .....        (no amulet)
Stlth   +++          (no ring)
HPRegen 0.25/turn    (no ring)
MPRegen 0.14/turn

%: no passive effects
@: no status effects
A: no striking features
a: Renounce Religion


You were on level 4 of the Dungeon.
You worshipped Vehumet.
Vehumet was aware of your devotion.
You visited 1 branch of the dungeon, and saw 4 of its levels.

You collected 173 gold pieces.

Inventory:

Hand Weapons
 a - a +2 vampiric dagger (weapon)
 r - a +0 spear
 s - the +5 rapier of the Hero {heavy, rN+ Dex+3}
   (You found it on level 3 of the Dungeon)

   Dex:       It affects your dexterity (+3).
   rN:        It protects you from negative energy.
Missiles
 v - 8 poisoned darts (quivered)
Armour
 j - a +0 helmet (worn)
 l - a +0 pair of gloves (worn)
 u - a +0 robe (worn)
Wands
 h - a wand of roots (9)
Scrolls
 c - a scroll of blinking {unknown}
 f - 2 scrolls of identify
 m - a scroll of enchant armour {unknown}
 n - a scroll of amnesia {unknown}
 o - a scroll of immolation {unknown}
 t - a scroll of fog {unknown}
 w - a scroll of silence {unknown}
Potions
 b - a potion of magic
 d - a potion of ambrosia {unknown}
 e - 2 potions of attraction {unknown}
 g - a potion of haste {unknown}
 i - 2 potions of curing
 k - a potion of mutation
 p - a potion of heal wounds {unknown}
 q - 2 potions of brilliance {unknown}


   Skills:
 + Level 2.0 Short Blades
 + Level 0.1 Throwing
 * Level 4.0 Dodging
 + Level 3.7 Stealth
 * Level 4.8 Spellcasting
 * Level 6.2 Necromancy


You had 9 spell levels left.
You knew the following spells:

 Your Spells              Type           Power      Damage    Failure   Level
a - Necrotise             Necr           100%       1d9       1%          1
b - Kiss of Death         Conj/Necr      76%        2d11      3%          1
d - Vampiric Draining     Necr           32%        2d8       2%          3

Your spell library contained the following spells:

 Spells                   Type           Power      Damage    Failure   Level
 Animate Dead             Necr           32%        N/A       8%          4
 Lesser Beckoning         Tloc           10%        N/A       16%         2
 Agony                    Necr           32%        N/A       22%         5
 Gell's Gravitas          Tloc           5%         N/A       30%         3
 Teleport Other           Tloc           5%         N/A       30%         3


Dungeon Overview and Level Annotations

Branches:
Dungeon (4/15)
 Temple: D:4-7

Altars:
Hepliaklqana
Okawaru
Qazlal
Trog
Vehumet
Zin
The Shining One

Shops:
D:2 =


Message History

Aim: a gnoll bouda, wielding a +0 club and wearing a +0 leather armour (lightly wounded)
You draw life force from the gnoll bouda!
You feel life coursing into your body.
The orc hits you from afar with a +0 trident.
The gnoll bouda prays to its god.
The gnoll bouda is healed somewhat.
Casting: Vampiric Draining (dangerous; 2% risk of failure)
Confirm with . or Enter, or press ? or * to list all spells.
Aiming: Vampiric Draining (dangerous; 2% risk of failure)
Press: ? - help, Shift-Dir - straight line, f/p - gnoll bouda
Aim: a gnoll bouda, wielding a +0 club and wearing a +0 leather armour (heavily wounded)
You draw life force from the gnoll bouda.
You feel life coursing into your body.
The gnoll bouda hits you with a +0 club!
The orc hits you from afar with a +0 trident.
You hit the gnoll bouda.
The gnoll bouda is severely wounded.
The gnoll bouda closely misses you.
The orc hits you from afar with a +0 trident.
A hobgoblin comes into view.
You barely miss the gnoll bouda.
The gnoll bouda is severely wounded.
The orc hits you from afar with a +0 trident.
* * * LOW HITPOINT WARNING * * *
The gnoll bouda closely misses you.
As you read the scroll labelled OPUZOUSOET, it crumbles to dust.
It is a scroll of identify.
k - a potion of mutation The orc hits you but does no damage.
The gnoll bouda barks out a call to the hunt!
You closely miss the gnoll bouda.
The gnoll bouda is severely wounded.
Okay, then.
You hit the gnoll bouda.
The gnoll bouda is severely wounded.
An adder comes into view.
The orc hits you from afar with a +0 trident.
* * * LOW HITPOINT WARNING * * *
The gnoll bouda hits you with a +0 club.
You die...

....... ###'####...#.......
.....>. ...................
....... ##.##.............
.......####.##.....##......
..............)....).......
...S........##....##.......
............##....##.......
..##........#..............
#......@.#..............
########g#..............
.###.....o##.............
.........g#####.........#
..........# .......#.'#
.....g...............###.
............... ..... #..
...g............ .. ###
...g............ #..


You could see a gnoll bouda, a gnoll (swift), an adder (wandering) and an orc.

Vanquished Creatures
  A black bear (D:2)
  A hound (D:3)
  An iguana (D:2)
  6 gnolls
  2 adders
  2 dart slugs
  6 orcs
  6 ball pythons
  4 endoplasms
  8 goblins
  4 hobgoblins
  A quokka (D:1)
  4 bats
  4 frilled lizards
  4 kobolds
  A rat (D:2)
55 creatures vanquished.

Notes
Turn   | Place    | Note
-------+----------+-------------------------------------------
     0 | D:1      | Esekla the Deep Elf Necromancer began the quest for the
                  | Orb.
     0 | D:1      | Reached XP level 1. HP: 10/10 MP: 6/6
   382 | D:2      | Found Renulab's Jewellery Shop.
   516 | D:4      | Found a radiant altar of Vehumet.
   527 | D:4      | Found a glowing golden altar of the Shining One.
   545 | D:4      | Found an iron altar of Okawaru.
   556 | D:4      | Found a glowing silver altar of Zin.
   634 | D:4      | Became a worshipper of Vehumet
   713 | D:3      | Reached skill level 5 in Necromancy
   830 | D:3      | Reached XP level 2. HP: 15/15 MP: 8/8
   890 | D:3      | Found a stormy altar of Qazlal.
  1153 | D:3      | Identified the +5 rapier of the Hero {heavy, rN+ Dex+3}
  1324 | D:1      | Reached XP level 3. HP: 19/19 MP: 9/9
  1329 | D:1      | Learned a level 3 spell: Vampiric Draining
  1450 | D:1      | Reached * piety under Vehumet
  1450 | D:1      | Offered knowledge of Kiss of Death by Vehumet.
  1464 | D:1      | Learned a level 1 spell: Kiss of Death
  1691 | D:2      | Reached skill level 1 in Short Blades
  1691 | D:2      | Reached XP level 4. HP: 17/24 MP: 5/11
  1818 | D:2      | Found a faded altar of an unknown god.
  1849 | D:2      | Noticed a black bear
  1862 | D:2      | Killed a black bear
  1863 | D:2      | Reached XP level 5. HP: 28/28 MP: 5/13
  2042 | D:3      | Found a hazy altar of Hepliaklqana.
  2044 | D:3      | Found a bloodstained altar of Trog.
  2057 | D:3      | Reached skill level 6 in Necromancy
  2468 | D:4      | Reached XP level 6. HP: 32/32 MP: 15/15
  2528 | D:4      | Slain by a gnoll bouda

Illustrated notes

Levels and vault maps discovered:
D:1:      sevenhm_arrival_forest_fort_small_3, layout_rooms,
          chequers_serial_rivers_room_b, minmay_misc_feat_five
D:2:      layout_loops_ring, dreamdust_ecumenical_altar_angels_and_demons,
          serial_shops, shop
D:3:      layout_basic, grunt_temple_overflow_open, minmay_misc_feat_iff
D:4:      layout_basic, nicolae_overflow_quartered_altars, serial_shops,
          nicolae_diamond_shop

Skill      XL: |  1  2  3  4  5 |
---------------+----------------+-----
Necromancy     | 5 6 |  6.2
Stealth        | 3 |  3.7
Dodging        | 3 4 |  4.0
Short Blades   | 1 2 |  2.0
Spellcasting   | 4 |  4.8
Throwing       | |  0.1

Action                     |  1- 3 |  4- 6 || total
---------------------------+-------+-------++-------
  Melee: Short sword       |    38 |       ||    38
         Unarmed           |     9 |       ||     9
         Rapier            |    38 |       ||    38
         Dagger            |     4 |    51 ||    55
         Punch             |     1 |       ||     1
  Throw: Dart              |       |    10 ||    10
   Cast: Vampiric Draining |     5 |    12 ||    17
    Use: Scroll            |     1 |     1 ||     2
   Stab: Sleeping          |     6 |     1 ||     7
         Distracted        |     1 |       ||     1
 Armour: Robe              |    16 |     6 ||    22
  Dodge: Dodged            |    69 |    25 ||    94
